 Dungeon Crawl Stone Soup version 0.14-a0-3320-geb0b70c (webtiles) character file.

3941 HenryFlower the Tainter (level 9, -13/52 HPs)
             Began as a Deep Elf Venom Mage on Mar 15, 2014.
             Was an Initiate of Vehumet.
             Killed from afar by a deep elf mage (31 damage)
             ... with a stone arrow
             ... on Level 9 of the Dungeon.
             The game lasted 00:37:32 (12617 turns).

HenryFlower the Tainter (Deep Elf Venom Mage)      Turns: 12617, Time: 00:37:33

HP -13/52        AC 16     Str  5      XL: 9   Next: 83%
MP  16/22        EV 18     Int 24      God: Vehumet [......]
Gold 378         SH  0     Dex 17      Spells:  4 memorised,  4 levels left

rFire  . . .     SeeInvis +     a - +3,+2 dagger (speed)
rCold  + . .     Clarity  .     B - +2 robe {rC+}
rNeg   . . .     Conserve .     (no shield)
rPois  .         rCorr    .     v - +1 helmet {SInv}
rElec  .         rRot     .     y - +0 cloak
SustAb . .       Spirit   .     E - +0 pair of gloves
rMut   .         Warding  .     g - +1 pair of boots
Gourm  +         Stasis   .     C - amulet of the gourmand
MR     .....                    n - +2 ring of dexterity
                                x - +6 ring of protection

@: not resistant to hostile enchantments, fairly stealthy
A: no striking features
a: Renounce Religion


You were on level 9 of the Dungeon.
You worshipped Vehumet.
Vehumet was noncommittal.
You were very hungry.

You visited 2 branches of the dungeon, and saw 10 of its levels.
You also visited: Sewer.

You collected 378 gold pieces.

Inventory:

Hand weapons
 a - a +3,+2 dagger of speed (weapon)
 o - a +2,+0 short sword of speed
 G - a +0,+0 dagger of venom
Armour
 g - a +1 pair of boots (worn)
 v - a +1 helmet of see invisible (worn)
 y - a +0 cloak (worn)
 B - a +2 robe of cold resistance (worn)
 E - a +0 pair of gloves (worn)
Magical devices
 m - a wand of frost (14)
 t - a wand of enslavement (6)
 u - a wand of fireball (0)
Comestibles
 r - 3 meat rations
 J - 17 cheeses
Scrolls
 c - a scroll of enchant armour {unknown}
 d - 3 scrolls of teleportation
 l - a scroll of fog
 p - 3 scrolls of remove curse
 q - a scroll of immolation
 A - 4 scrolls of identify
 D - 2 scrolls of random uselessness {unknown}
 F - a scroll of silence {unknown}
Jewellery
 e - an uncursed amulet of faith {unknown}
 i - an uncursed ring of fire
 n - a +2 ring of dexterity (right hand)
 x - a +6 ring of protection (left hand)
 C - an amulet of the gourmand (around neck)
 I - a -5 ring of strength
Potions
 h - a potion of agility
 j - a potion of haste
 k - a potion of lignification
 w - 2 potions of flight
 z - a potion of might
 H - 2 potions of curing
Books
 b - a Young Poisoner's Handbook

   Spells                             Type                      Level
   *Sting                             Conjuration/Poison           1
   *Cure Poison                       Poison                       2
   *Mephitic Cloud                    Conjuration/Poison/Air       3
   *Olgreb's Toxic Radiance           Poison                       4
   Venom Bolt                         Conjuration/Poison           5
Magical staves
 f - an uncursed staff of earth


   Skills:
 + Level 3.9 Fighting
 + Level 8.4 Dodging
 - Level 2.4 Stealth
 - Level 3.0 Spellcasting
 + Level 7.9 Conjurations
 - Level 10.5 Poison Magic


You had 4 spell levels left.
You knew the following spells:

 Your Spells              Type           Power        Failure   Level  Hunger
a - Sting                 Conj/Pois      ####         1%          1    None
b - Cure Poison           Pois           ######....   1%          2    ##.....
c - Mephitic Cloud        Conj/Pois/Air  ####....     2%          3    ###....
d - Olgreb's Toxic Radia  Pois           ######..     1%          4    ####...


Dungeon Overview and Level Annotations

Branches:
Dungeon (9/15)             Temple (1/1) D:7
    Orc: D:9-12        Lair: D:8-11

Altars:
Ashenzari
Dithmenos
Elyvilon
Makhleb
Okawaru
Sif Muna
Trog
Vehumet
Xom
Yredelemnul

Shops:
D:7 (

Annotations:
D:4 WaveMotion's ghost, experienced VSAK
D:5 exclusion: skeleton


Message History

You are more poisoned.
The deep elf mage barely misses you.
You hit the deep elf mage but do no damage.
The deep elf mage is heavily wounded.
You feel sick.
You are more poisoned.
Your toxic aura wanes.
The deep elf mage barely misses you.
You hit the deep elf mage but do no damage.
The deep elf mage is heavily wounded.
You feel sick.
Drink which item? (? for menu, Esc to quit)
Okay, then.
Casting: Olgreb's Toxic Radiance
Confirm with . or Enter, or press ? or * to list all spells.
You are no longer poisoned.
The deep elf mage casts a spell at you. The stone arrow hits you!
Ouch! That really hurt!
You die...

.............# #.###
#.# (.....O.##<###
#.# ..# ........##.#
#.# ### #######f##.#
#.# #.##.# ####.##
#.##.###.....#
#............#####.#
####...............#
#####.e@..#######
#.....# #######


You could see a deep elf mage.

Vanquished Creatures
  A kobold demonologist (D:7)
  5 yaks (D:9)
  A hungry ghost (D:9)
  A necrophage (D:8)
  A black bear (D:6)
  2 ice beasts
  3 ogres
  3 centaurs
  2 giant frogs (D:6)
  3 scorpions
  A wight (D:8)
  4 killer bees (D:9)
  A goliath beetle (D:7)
  4 crimson imps
  5 hounds
  A giant frog zombie (D:7)
  Crazy Yiuf (D:2)
  4 orc wizards
  An elf skeleton (D:9)
  2 iguanas (D:7)
  5 worker ants
  An orange rat (D:8)
  Ijyb (D:4)
  A hound skeleton (D:4)
  8 adders
  4 green rats (D:8)
  An inept item mimic (D:4)
  6 giant mites
  A shadow imp (D:5)
  3 worms
  An inept feature mimic (D:8)
  2 adder skeletons
  A giant eyeball (D:6)
  10 giant geckos
  An ooze (D:4)
  19 orcs
  3 ball pythons (Sewer)
  18 bats
  A bat skeleton (D:4)
  10 giant cockroaches
  8 goblins
  8 hobgoblins
  11 jackals
  17 kobolds
  2 giant newts
  A giant spore (D:9)
  A gnoll skeleton (D:6)
  3 quokkas
  23 rats
  2 ballistomycetes (D:9)
219 creatures vanquished.

Vanquished Creatures (others)
  2 ballistomycetes (D:9)
2 creatures vanquished.

Grand Total: 221 creatures vanquished

Notes
Turn   | Place    | Note
--------------------------------------------------------------
     0 | D:1      | HenryFlower, the Deep Elf Venom Mage, began the quest for the Orb.
     0 | D:1      | Reached XP level 1. HP: 10/10 MP: 5/5
   107 | D:1      | Reached skill level 1 in Conjurations
   404 | D:1      | Reached XP level 2. HP: 15/15 MP: 6/8
   421 | D:1      | Learned a level 2 spell: Cure Poison
  1215 | D:2      | Reached XP level 3. HP: 19/19 MP: 7/10
  1441 | D:2      | Learned a level 3 spell: Mephitic Cloud
  1962 | D:2      | Noticed Crazy Yiuf
  1978 | D:2      | Killed Crazy Yiuf
  1978 | D:2      | Reached XP level 4. HP: 24/24 MP: 5/13
  3548 | D:4      | Noticed WaveMotion's ghost (experienced VSAK)
  3580 | D:4      | Reached skill level 5 in Poison Magic
  3580 | D:4      | Reached XP level 5. HP: 28/28 MP: 12/16
  3966 | D:4      | Noticed Ijyb
  3973 | D:4      | Killed Ijyb
  4818 | D:4      | Reached skill level 6 in Poison Magic
  4818 | D:4      | Reached XP level 6. HP: 32/32 MP: 14/18
  4844 | D:4      | Learned a level 4 spell: Olgreb's Toxic Radiance
  5077 | D:5      | Entered Level 5 of the Dungeon
  5147 | D:5      | Noticed a troll
  5727 | D:6      | Found a glowing drain.
  5802 | Sewer    | Entered a sewer
  6563 | D:6      | Reached skill level 7 in Poison Magic
  6563 | D:6      | Reached XP level 7. HP: 11/36 MP: 15/20
  7013 | D:6      | Reached skill level 5 in Dodging
  7298 | D:6      | Reached skill level 8 in Poison Magic
  7579 | D:7      | Found Stef's Weapon Boutique.
  7767 | D:6      | Reached XP level 8. HP: 34/41 MP: 12/21
  8194 | D:5      | Reached skill level 9 in Poison Magic
  8780 | D:7      | Noticed a kobold demonologist
  8796 | D:7      | Noticed an orange demon
  8807 | D:7      | Killed a kobold demonologist
  8807 | D:7      | Reached skill level 5 in Conjurations
  9158 | D:7      | Reached skill level 10 in Poison Magic
  9479 | D:7      | Found a staircase to the Ecumenical Temple.
  9880 | Temple   | Entered the Ecumenical Temple
  9891 | Temple   | Became a worshipper of Vehumet
 10508 | D:8      | Reached skill level 1 in Fighting
 10508 | D:8      | Reached XP level 9. HP: 33/47 MP: 22/22
 10703 | D:8      | Lost strength.
 11668 | D:9      | Found a basalt altar of Yredelemnul.
 12617 | D:9      | Killed from afar by a deep elf mage

Action                   |  1- 3 |  4- 6 |  7- 9 || total
-------------------------+-------+-------+-------++-------
Melee: Unarmed           |     1 |     6 |       ||     7
       Dagger            |       |    81 |   752 ||   833
       Short sword       |       |       |     6 ||     6
 Cast: Sting             |    61 |   177 |    97 ||   335
       Mephitic Cloud    |     1 |     1 |       ||     2
       Cure Poison       |       |     6 |    16 ||    22
       Olgreb's Toxic Ra |       |     6 |    22 ||    28
Evoke: Wand              |       |     1 |     6 ||     7
  Use: Scroll            |       |    11 |    17 ||    28
       Potion            |       |     2 |     2 ||     4
 Stab: Sleeping          |       |     3 |     3 ||     6
